 Dungeon Crawl Stone Soup version 0.21-a0-496-g696f58f (webtiles) character file.

997 torrenera the Changer (level 7, -4/52 HPs)
             Began as a Grey Draconian Transmuter on Nov 23, 2017.
             Slain by a wyvern zombie (8 damage)
             ... on level 6 of the Dungeon.
             The game lasted 00:12:30 (6399 turns).

torrenera the Changer (Grey Draconian Transmuter)   Turns: 6399, Time: 00:12:30

Health: -4/52      AC:  2    Str: 13      XL:     7   Next: 99%
Magic:  0/11       EV: 19    Int: 15      God:
Gold:   248        SH:  0    Dex: 15 (16) Spells: 2/12 levels left

rFire    . . .     SeeInvis .     - Unarmed
rCold    . . .     Gourm    .   (shield currently unavailable)
rNeg     . . .     Faith    .   (armour unavailable)
rPois    x         Spirit   +   (helmet currently unavailable)
rElec    .         Reflect  .   (cloak currently unavailable)
rCorr    +         Harm     .   (gloves currently unavailable)
MR       +....                  (boots currently unavailable)
Stlth    +.........             d - amulet of guardian spirit
HPRegen  0.17/turn              l - ring of protection from magic (curse)
MPRegen  0.12/turn              n - ring of resist corrosion

@: spider-form
A: tiny, (walk through water), unfitting armour, AC +11
a: End Transformation


You were on level 6 of the Dungeon.
You were very hungry.
You were a venomous arachnid creature.
You visited 1 branch of the dungeon, and saw 6 of its levels.

You collected 248 gold pieces.

Inventory:

Hand Weapons
 f - a +0 hunting sling
Missiles
 a - 73 arrows
 i - 337 stones (quivered)
 m - 36 poisoned needles
 v - 8 javelins
Armour
 s - a +0 hat (melded)
Jewellery
 d - an amulet of guardian spirit (around neck)
 h - an uncursed ring of protection from fire {unknown}
 l - a cursed ring of protection from magic (left front leg)
 n - a ring of resist corrosion (right front leg)
Scrolls
 e - 10 scrolls of identify {unknown}
 g - a scroll of amnesia {unknown}
 k - 7 scrolls of remove curse {unknown}
 o - 3 scrolls of enchant armour {unknown}
 q - a scroll of random uselessness {unknown}
 u - a scroll of magic mapping {unknown}
 w - 2 scrolls of enchant weapon {unknown}
 C - 2 scrolls of teleportation {unknown}
 D - a scroll of fear {unknown}
 G - a scroll of holy word {unknown}
 H - a scroll of torment {unknown}
Potions
 j - a potion of cancellation {unknown}
 p - 3 potions of might {unknown}
 t - 3 potions of flight {unknown}
 z - 3 potions of agility {unknown}
 A - 2 potions of mutation {unknown}
 B - 2 potions of curing {unknown}
 F - a potion of resistance {unknown}
 I - a potion of haste
Books
 b - a book of Changes

   Spells                             Type                      Level
   a - Beastly Appendage              Transmutation                1
   b - Sticks to Snakes               Transmutation                2
   c - Spider Form                    Transmutation/Poison         3
   d - Ice Form                       Ice/Transmutation            4
   e - Blade Hands                    Transmutation                5
 y - a book of Minor Magic

   Spells                             Type                      Level
   a - Magic Dart                     Conjuration                  1
   b - Blink                          Translocation                2
   c - Call Imp                       Summoning                    2
   d - Slow                           Hexes                        2
   e - Conjure Flame                  Conjuration/Fire             3
   f - Mephitic Cloud                 Conjuration/Poison/Air       3
Comestibles
 c - 5 bread rations
 r - 3 meat rations
 x - 3 royal jellies
 E - 5 fruits


   Skills:
 - Level 1.1 Fighting
 - Level 1.7 Dodging
 - Level 4.0 Unarmed Combat
 * Level 3.3 Spellcasting
 + Level 7.7 Transmutations
 * Level 0.9 Ice Magic
 - Level 3.0 Poison Magic


You had 2 spell levels left.
You knew the following spells:

 Your Spells              Type           Power        Failure   Level  Hunger
a - Beastly Appendage     Tmut           ####..       4%          1    #......
b - Sticks to Snakes      Tmut           ####....     6%          2    ##.....
c - Spider Form           Tmut/Pois      ###.......   17%         3    ###....
d - Ice Form              Ice/Tmut       ###.....     54%         4    #####..


Dungeon Overview and Level Annotations

Branches:
Dungeon (6/15)
 Temple: D:4-7

Altars:
Gozag
Vehumet


Innate Abilities, Weirdness & Mutations

((You can walk through water.))
((Your dull iron-grey scales are very hard. (AC +11)))
You cannot fit into any form of body armour.
((You can survive without breathing.))
((You are cold-blooded and may be slowed by cold attacks.))


Message History

You hit the wyvern zombie.
You tail-slap the wyvern zombie, but do no damage.
The wyvern zombie is moderately damaged.
The wyvern zombie closely misses you. The wyvern zombie bites you!
You hit the wyvern zombie.
The wyvern zombie is moderately damaged.
The wyvern zombie bites you.
Casting: Spider Form
Confirm with . or Enter, or press ? or * to list all spells.
You turn into a venomous arachnid creature.
Your +0 hat melds into your body.
The wyvern zombie completely misses you.
You hit the wyvern zombie but do no damage.
The wyvern zombie is moderately damaged.
The wyvern zombie bites you. The wyvern zombie bites you!
* * * LOW HITPOINT WARNING * * *
You hit the wyvern zombie but do no damage.
The wyvern zombie is moderately damaged.
The wyvern zombie bites you!
You die...

#### #.. #.#
########.#########.####
#.............s........
#.######.####Z####.####
###.# #.# #.#
..#.######.# ..#
............ ...#
###.######.#....# #.#
........ ### ####?#.#


You could see a wyvern zombie.

Vanquished Creatures
  An ice beast (D:6)
  2 centaurs (D:5)
  A bullfrog (D:3)
  A scorpion (D:5)
  3 crimson imps
  A quasit (D:5)
  An orc priest (D:4)
  An orc wizard (D:5)
  Terence (D:2)
  3 iguanas
  A worker ant (D:4)
  3 adders
  4 gnolls
  2 worms
  2 dart slugs
  6 leopard geckos
  8 orcs
  3 giant cockroaches
  10 goblins
  9 hobgoblins
  10 jackals
  4 quokkas
  3 ball pythons
  5 bats
  3 frilled lizards (D:1)
  4 kobolds
  5 rats
97 creatures vanquished.

Vanquished Creatures (collateral kills)
  2 ogres (D:4)
  An orc priest (D:5)
  Natasha (D:2)
  3 adders
  A goblin (D:3)
  A hobgoblin (D:3)
  A jackal (D:1)
  A bat (D:3)
11 creatures vanquished.

Grand Total: 108 creatures vanquished

Notes
Turn   | Place    | Note
-------+----------+-------------------------------------------
     0 | D:1      | torrenera the Draconian Transmuter began the quest for the Orb.
     0 | D:1      | Reached XP level 1. HP: 16/16 MP: 3/3
   206 | D:1      | Reached XP level 2. HP: 21/23 MP: 5/5
   669 | D:1      | Reached XP level 3. HP: 28/28 MP: 6/6
   812 | D:1      | Learned a level 2 spell: Sticks to Snakes
   816 | D:1      | Learned a level 3 spell: Spider Form
  1067 | D:1      | Reached skill level 1 in Poison Magic
  1193 | D:2      | Reached skill level 3 in Transmutations
  1193 | D:2      | Reached XP level 4. HP: 29/35 MP: 2/7
  1326 | D:2      | Noticed Natasha
  1380 | D:2      | Noticed Terence
  1594 | D:2      | Killed Terence
  1786 | D:2      | Killed Natasha
  2016 | D:2      | Reached XP level 5. HP: 17/40 MP: 1/8
  2444 | D:3      | Reached skill level 4 in Transmutations
  3305 | D:4      | Noticed an ogre
  3313 | D:4      | Killed an ogre
  3313 | D:4      | Reached skill level 5 in Transmutations
  3313 | D:4      | Reached XP level 6. HP: 16/47 MP: 1/9
  3642 | D:4      | Found a radiant altar of Vehumet.
  4292 | D:5      | Entered Level 5 of the Dungeon
  4353 | D:5      | Reached skill level 6 in Transmutations
  4603 | D:5      | Your scales start taking on a dull iron-grey colour.
  4603 | D:5      | Reached XP level 7. HP: 37/52 MP: 3/10
  4603 | D:5      | Gained mutation: You can survive without breathing. [Grey Draconian growth]
  4827 | D:5      | Found an opulent altar of Gozag.
  5031 | D:5      | Reached skill level 7 in Transmutations
  5237 | D:5      | Found an opulent altar of Gozag.
  5336 | D:5      | Learned a level 4 spell: Ice Form
  6399 | D:6      | Slain by a wyvern zombie

Vault maps used:
D:1:      minmay_arrival_loop
D:2:      uniq_terence, uniq_natasha
D:3:      kennysheep_the_goblin_king, first_bread
D:4:      old_standard_altar
D:5:      lemuel_doored_altar, grunt_gozag_statues
D:6:      temple_doors_e, minmay_misc_feat_roman, uniq_duvessa

Skill      XL: |  1  2  3  4  5  6  7 |
---------------+----------------------+-----
Unarmed Combat | 4 |  4.0
Poison Magic   | 1 2 3 |  3.0
Transmutations | 3 5 6 7 |  7.7
Spellcasting   | 3 |  3.3
Fighting       | |  1.1
Dodging        | |  1.7
Ice Magic      | |  0.9

Action                   |  1- 3 |  4- 6 |  7- 9 || total
-------------------------+-------+-------+-------++-------
Melee: Unarmed           |    99 |   238 |   183 ||   520
       Tailslap          |    10 |    29 |    14 ||    53
       Kick              |     2 |     9 |     5 ||    16
       Punch             |       |     5 |     1 ||     6
       Headbutt          |       |     5 |     8 ||    13
Throw: Stone             |     2 |       |       ||     2
 Cast: Beastly Appendage |     1 |     9 |     6 ||    16
       Sticks to Snakes  |     4 |    23 |    10 ||    37
       Spider Form       |       |       |     3 ||     3
  Eat: Chunk             |     1 |    13 |     6 ||    20
Armor: Skin              |    52 |    60 |    62 ||   174
Dodge: Dodged            |    88 |   165 |   101 ||   354

Table legend:
 A = Spawn XP
 B = Non-spawn XP
 C = Spawn XP percentage of total XP
 D = Spawn monster count
 E = Non-spawn monster count
 F = Spawn count percentage of total count
 G = Total turns spent on level
                    A         B        C        D         E        F      G
               +---------+---------+-------+---------+---------+-------+---------
         Total |       0 |    1425 |   0.0 |       0 |     108 |   0.0 |  6399
               +---------+---------+-------+---------+---------+-------+---------
           D:1 |       0 |      84 |   0.0 |       0 |      34 |   0.0 |  1323
           D:2 |       0 |     123 |   0.0 |       0 |      14 |   0.0 |  1046
           D:3 |       0 |     145 |   0.0 |       0 |      24 |   0.0 |   936
           D:4 |       0 |     356 |   0.0 |       0 |      17 |   0.0 |  1278
           D:5 |       0 |     529 |   0.0 |       0 |      15 |   0.0 |  1455
           D:6 |       0 |     188 |   0.0 |       0 |       4 |   0.0 |   361
               +---------+---------+-------+---------+---------+-------+---------
